cohdb
Replays
Latest Replays
All Replays
Popular Replays
Top Player Replays
Match Explorer
How It Works
Community
CoH3 Stats
Reddit
Sign in to upload your games and track your stats! →
Sign in with Steam
Match 43683465
Unlisted
Match 43683465
Overview
Messages
Build Orders
End
Royal Engineer Section
Construct Section Command Post
Selects Canadian Shock Battlegroup
Selects Canadian Shock Battlegroup
Infantry Section
Infantry Section
Grenade Package
Selects Incendiary Munitions
Infantry Section
ML 3-inch Mortar Team
Construct Platoon Command Post
Selects Offensive Resupply
Selects Canadian Shock Section
6-pounder Anti-tank Gun Team
Humber Armored Car
Construct Field Infirmary
Selects Pyrotechnics
Infantry Training
Canadian Shock Section
Royal Engineer Section
Selects Churchill Crocodile Heavy Tank
Churchill Crocodile Heavy Tank
6-pounder Anti-tank Gun Team
Royal Engineer Section
STALKER4732
kit.ohume
Devochkin
Valieriumborn
ValiantHawk
A Chunky Chaffinch
0
0
Comments
sign in to comment!
No comments posted yet!